Map: New Gettysburg LE

Players

Nickos

  • Race: Terran Terran
  • League: Gold

daking - Winner!

  • Race: Protoss Protoss
  • League: Platinum

VOD

Have the link to the VOD?

Description

Time

  • Played on: Oct. 1, 2016, 7:05 p.m.
  • Length: 18:06
Show
View Real Time Build Order
Export as new Build Order

Nickos Terran 

Build Orders: Reaper Expand 

Get SALT Encoding   

  12  0:01  SCV  
  13  0:13  SCV  
  14  0:18  Supply Depot  
  14  0:25  SCV  
  15  0:40  SCV  
  16  0:43  Barracks  
  16  0:52  SCV  
  16  0:55  Refinery  
  17  1:04  SCV  
  18  1:17  SCV  
  19  1:30  Orbital Command  
  19  1:37  Reaper  
  20  1:40  Command Center  
  20  1:51  Barracks  
  20  1:56  SCV  
  21  2:05  Supply Depot  
  21  2:09  Barracks Reactor  
  21  2:13  SCV  
  22  2:25  SCV  
  23  2:35  Factory  
  23  2:37  SCV  
  23  2:43  Barracks Tech Lab  
  24  2:49  SCV  
  25  2:55  Orbital Command  
  25  3:02  Marine x3, SCV  
  28  3:11  Refinery  
  28  3:14  SCV  
  29  3:21  Starport  
  29  3:23  SCV  
  29  3:26  SCV  
  31  3:27  Marine x2  
  31  3:28  Marine  
  31  3:33  Engineering Bay x2  
  34  3:35  SCV  
  34  3:38  SCV  
  36  3:42  Factory Reactor, Supply Depot  
  36  3:48  SCV  
  37  3:50  SCV  
  37  3:51  Marine  
  37  3:52  Bunker  
  37  3:53  Marine  
  40  3:59  Stimpack  
  40  4:00  SCV  
  40  4:02  SCV, Marine  
  43  4:12  SCV  
  43  4:13  Supply Depot  
  43  4:14  SCV  
  43  4:15  Terran Infantry Weapons Level 1  
  45  4:24  SCV  
  45  4:25  Marine x2  
  45  4:26  Marine  
  45  4:30  SCV  
  50  4:32  Terran Infantry Armor Level 1  
  50  4:36  SCV  
  50  4:41  Supply Depot  
  50  4:43  Marine x2  
  52  4:46  SCV  
  52  4:49  SCV  
  52  4:50  Marine  
  55  4:52  Medivac  
  55  4:58  SCV  
  58  5:01  SCV  
  58  5:03  Supply Depot  
  58  5:04  Marine x2  
  61  5:08  Marine  
  61  5:09  Medivac  
  61  5:10  SCV  
  61  5:13  SCV  
  66  5:14  Refinery  
  66  5:19  Engineering Bay  
  66  5:21  Engineering Bay, Marine  
  66  5:22  SCV  
  68  5:29  Armory  
  68  5:31  Supply Depot, SCV  
  68  5:32  Marine x2  
  68  5:34  SCV  
  72  5:39  Marine  
  73  5:43  SCV  
  73  5:46  SCV  
  75  5:50  Medivac, Marine  
  75  5:54  Missile Turret  
  78  5:57  Command Center, Supply Depot, Marine x2  
  78  5:59  Widow Mine  
  78  6:00  Supply Depot  
  82  6:06  SCV x2  
  82  6:08  Marine  
  85  6:11  Medivac  
  85  6:15  Marine x2  
  85  6:18  SCV x2  
  91  6:26  Terran Infantry Weapons Level 2  
  91  6:28  Marine  
  91  6:30  SCV x2  
  94  6:33  Marine  
  94  6:34  Marauder  
  97  6:45  Barracks x2  
  97  6:46  Medivac, Marine  
  100  6:50  Supply Depot  
  100  6:54  Missile Turret, Supply Depot, Marine x2  
  101  6:56  Widow Mine  
  104  7:09  Liberator  
  104  7:10  Liberator, SCV x2  
  104  7:11  Orbital Command  
  97  7:24  Marine x2  
  97  7:25  Marine  
  106  7:39  Barracks Tech Lab x2  
  106  7:43  Marauder  
  108  7:49  Refinery  
  108  7:53  SCV x3  
  108  7:55  Terran Infantry Armor Level 2  
  108  7:56  Marine  
  108  7:57  Marine x3  
  115  8:04  Marauder  
  117  8:14  Marine  
  117  8:15  Marauder x2, SCV x3  
  125  8:24  Missile Turret  
  125  8:25  Marine  
  125  8:26  Marauder  
  128  8:33  Medivac x2  
  132  8:36  Barracks x2  
  132  8:37  Marauder x2  
  132  8:38  SCV x3  
  139  8:44  Marine  
  139  8:45  Marine  
  141  9:08  Command Center  
  141  9:20  SCV  
  141  9:21  Marauder  
  141  9:22  SCV  
  136  9:27  Marine x4  
  136  9:28  SCV  
  140  9:32  SCV  
  140  9:34  SCV  
  140  9:37  Medivac x2  
  138  9:40  SCV  
  138  9:42  Marine  
  138  9:44  Marine, SCV  
  138  9:45  Marine x2  
  141  9:48  Marine  
  141  9:51  SCV  
  141  9:54  Command Center  
  141  9:55  SCV  
  130  10:01  Marauder  
  130  10:02  Marine x2  
  130  10:04  Marauder  
  130  10:06  Marauder  
  133  10:07  Medivac x2  
  132  10:15  Barracks Reactor  
  132  10:16  Barracks Reactor  
  132  10:20  Marine x2  
  134  10:22  Marauder  
  134  10:23  Orbital Command  
  134  10:25  Marauder  
  134  10:28  Marauder  
  140  10:31  SCV x2  
  140  10:32  Terran Infantry Weapons Level 3  
  140  10:33  Barracks  
  140  10:34  Barracks x3  
  142  10:37  Medivac x2  
  142  10:42  Marine x2  
  148  10:43  Marauder  
  148  10:46  Marine  
  151  10:50  Terran Infantry Armor Level 3  
  151  10:54  Marine x5  
  154  11:03  Supply Depot x2  
  154  11:04  Supply Depot, Marauder  
  154  11:07  Medivac, Orbital Command  
  154  11:08  Marine x3  
  161  11:11  Marine  
  161  11:12  Marine x2  
  161  11:17  Marine, Marauder  
  167  11:21  Barracks Reactor  
  167  11:22  Barracks Reactor x3  
  167  11:25  Marine  
  167  11:26  Marauder, Marine x2  
  167  11:29  Marine  
  173  11:33  Marine x2  
  173  11:35  Marine  
  173  11:38  Marine  
  177  11:43  Marine  
  177  11:44  Marine x2  
  177  11:46  Medivac x2  
  177  11:47  Marine x2  
  167  11:58  Marine x5  
  167  11:59  Marine x5  
  167  12:00  Marine  
  161  12:06  Marine x2  
  161  12:07  Marine x4  
  167  12:15  Marine  
  167  12:16  Marine x5  
  167  12:21  Marine x3  
  167  12:22  Marine  
  177  12:23  Marine  
  177  12:24  Marine x3  
  181  12:30  Marine x2  
  181  12:33  Marauder  
  181  12:36  SCV  
  187  12:37  SCV x2  
  187  12:38  Marine x4  
  187  12:39  Marine x3  
  195  12:48  Marauder  
  195  12:49  Marauder  
  189  13:06  Marine  
  189  13:07  Marine x5  
  189  13:08  Marine  
  189  13:10  Marauder  
  175  13:13  Marine x3  
  175  13:14  Marine x5  
  175  13:15  Marine  
  160  13:24  Marine x2  
  160  13:25  Marine x4  
  160  13:26  Marine  
  163  13:27  Liberator  
  163  13:28  Liberator  
  163  13:31  Marine x5  
  163  13:32  Marine  
  169  13:37  Marine x2  
  169  13:38  Marine  
  169  13:39  Marauder  
  174  13:43  Marine x5  
  185  13:49  Marauder  
  185  13:53  Barracks  
  185  13:54  Barracks x2  
  187  13:56  Marauder  
  187  14:00  Marauder  
  173  14:10  Liberator, Marauder  
  173  14:11  Liberator  
  161  14:18  Marine x4  
  161  14:19  Marine  
  161  14:23  Marine x2  
  161  14:24  Marine x5  
  148  14:25  Marine  
  148  14:29  Marine x2  
  148  14:30  Marine  
  156  14:31  Marine  
  156  14:36  Marine x5  
  162  14:41  Marine  
  162  14:43  Marine x5  
  162  14:44  Marine x2  
  170  14:47  Marine x4  
  174  14:53  Liberator  
  174  14:57  Marine x3  
  177  15:00  Marine x3  
  161  15:08  Marine  
  161  15:09  Marine x3  
  161  15:10  Marine  
  167  15:16  Marine  
  167  15:17  Marine x2  
  167  15:19  Marine x5  
  167  15:20  Marine x2  
  175  15:22  Marauder x2  
  175  15:23  Marauder  
  165  15:32  Marine x4  
  167  15:38  Marine x3  
  167  15:39  Marine x2  
  159  15:43  Marine x2  
  159  15:44  Marine x4  
  159  15:47  Marine  
  159  15:49  Marauder x3  
  167  15:52  Marine x5  
  167  15:56  Marine  
  169  15:59  Marine  
  169  16:00  Marine x2  
  161  16:07  Marine x4  
  161  16:10  Marauder  
  161  16:11  Marauder x2  
  152  16:15  Marine x3  
  152  16:16  Marine x4  
  152  16:17  Marine x4  
  138  16:22  Marine x2  
  138  16:24  Marine  
  138  16:25  Marine x2  
  125  16:28  Marine  
  125  16:32  Marauder x3  
  131  16:33  Barracks, Marine x4  
  131  16:34  Marine x2  
  131  16:37  Barracks  
  131  16:38  Barracks  
  131  16:39  Barracks  
  135  16:48  Command Center  
  135  16:53  Marauder x2  
  121  16:55  Marine  
  121  16:56  Marine x5  
  121  16:57  Marine x2  
  121  17:00  Marine x4  
  121  17:01  Marine  
  106  17:07  Marine x2  
  106  17:08  Marine x2  
  102  17:13  Marine x2  
  90  17:29  Marine x2  
  83  17:30  Marine x4  
  83  17:31  Marine x3  
  83  17:35  Marine x2  
  83  17:36  Marine x2  
  98  17:37  Marine x2  
  98  17:38  Marine, Marauder  
Show
View Real Time Build Order
Export as new Build Order

daking Protoss - Winner!

Build Orders: 1 Gate Expand 

Get SALT Encoding   

  12  0:01  Probe (Chrono Boost)  
  13  0:11  Probe (Chrono Boost)  
  14  0:19  Pylon  
  14  0:22  Probe (Chrono Boost)  
  15  0:38  Gateway  
  15  0:41  Probe (Chrono Boost)  
  16  0:48  Assimilator  
  16  0:51  Probe (Chrono Boost)  
  18  1:04  Probe (Chrono Boost)  
  18  1:25  Nexus  
  18  1:31  Cybernetics Core  
  18  1:33  Probe (Chrono Boost)  
  19  1:40  Assimilator  
  19  1:46  Pylon  
  19  1:51  Probe (Chrono Boost)  
  21  2:01  Probe (Chrono Boost)  
  21  2:13  Mothership Core (Chrono Boost)  
  23  2:17  Adept  
  25  2:26  Warp Gate  
  25  2:33  Probe (Chrono Boost)  
  26  2:39  Gateway  
  26  2:40  Gateway  
  26  2:45  Probe x2 (Chrono Boost)  
  28  3:01  Probe x2 (Chrono Boost)  
  28  3:04  Stalker  
  34  3:13  Probe x2 (Chrono Boost)  
  34  3:21  Robotics Facility  
  34  3:24  Probe (Chrono Boost)  
  35  3:27  Probe (Chrono Boost)  
  38  3:34  Stalker  
  38  3:40  Probe x2 (Chrono Boost)  
  40  3:45  Pylon  
  40  3:51  Probe x2 (Chrono Boost)  
  42  3:57  Twilight Council  
  42  4:02  Probe x2 (Chrono Boost)  
  44  4:12  Probe x2 (Chrono Boost)  
  44  4:16  Observer  
  47  4:22  Gateway  
  47  4:23  Probe x2 (Chrono Boost)  
  49  4:38  Observer  
  48  4:42  Probe (Chrono Boost)  
  48  4:43  Probe (Chrono Boost)  
  48  4:44  Stalker  
  48  4:45  Adept  
  54  4:48  Blink  
  54  4:49  Pylon  
  54  5:02  Nexus  
  54  5:04  Pylon  
  54  5:07  Probe (Chrono Boost), Immortal  
  54  5:11  Pylon  
  54  5:12  Probe (Chrono Boost)  
  60  5:15  Assimilator  
  60  5:17  Assimilator  
  60  5:18  Probe (Chrono Boost)  
  60  5:20  Gateway  
  62  5:28  Probe (Chrono Boost)  
  62  5:29  Probe (Chrono Boost)  
  63  5:39  Probe (Chrono Boost)  
  63  5:40  Pylon, Stalker  
  63  5:41  Adept  
  63  5:42  Adept x2  
  72  5:47  Observer  
  73  5:50  Probe (Chrono Boost)  
  73  5:52  Probe (Chrono Boost)  
  75  6:05  Probe (Chrono Boost)  
  75  6:07  Probe (Chrono Boost)  
  75  6:08  Immortal  
  81  6:12  Pylon  
  81  6:16  Probe (Chrono Boost), Pylon  
  83  6:19  Probe (Chrono Boost)  
  83  6:23  Probe (Chrono Boost)  
  84  6:26  Probe (Chrono Boost)  
  84  6:27  Adept x3  
  84  6:31  Probe (Chrono Boost), Sentry  
  94  6:34  Probe (Chrono Boost)  
  94  6:38  Resonating Glaives  
  95  6:40  Forge  
  95  6:41  Probe (Chrono Boost)  
  95  6:43  Probe (Chrono Boost)  
  95  6:44  Probe (Chrono Boost)  
  95  6:45  Stalker  
  100  6:52  Probe (Chrono Boost)  
  102  6:55  Probe (Chrono Boost)  
  102  7:06  Adept x2  
  102  7:07  Adept x2, Pylon  
  108  7:27  Stalker x2  
  108  7:28  Adept, Stalker x2  
  119  7:30  Probe x2 (Chrono Boost)  
  119  7:31  Probe (Chrono Boost)  
  121  7:40  Probe (Chrono Boost)  
  121  7:41  Probe (Chrono Boost)  
  121  7:42  Photon Cannon  
  121  7:43  Probe (Chrono Boost)  
  124  7:45  Photon Cannon  
  124  7:46  Protoss Ground Armor Level 1  
  124  7:50  Assimilator  
  124  7:55  Assimilator  
  124  7:57  Observer  
  125  8:04  Nexus  
  125  8:05  Pylon  
  125  8:06  Pylon  
  125  8:10  Gateway  
  125  8:13  Gateway  
  125  8:15  Pylon  
  125  8:18  Pylon  
  125  8:21  Photon Cannon  
  125  8:23  Robotics Bay, Immortal  
  129  8:29  Photon Cannon  
  129  8:34  Charge  
  129  8:59  Robotics Facility  
  129  9:01  Gateway  
  129  9:04  Gateway  
  129  9:05  Gateway  
  129  9:08  Templar Archives  
  129  9:14  Pylon  
  129  9:15  Photon Cannon, Probe x2 (Chrono Boost)  
  129  9:16  Photon Cannon, Probe (Chrono Boost)  
  132  9:19  Photon Cannon x2  
  113  9:25  Protoss Ground Weapons Level 1, Probe (Chrono Boost)  
  113  9:26  Probe (Chrono Boost), Adept  
  113  9:27  Adept x4  
  113  9:28  Probe (Chrono Boost)  
  93  9:49  Stalker x4  
  93  9:50  Stalker  
  96  10:04  Stalker x4  
  96  10:05  Stalker  
  103  10:11  Probe (Chrono Boost)  
  103  10:12  Probe x2 (Chrono Boost)  
  103  10:13  Probe (Chrono Boost)  
  107  10:16  Disruptor  
  107  10:20  Disruptor  
  113  10:24  Stalker x3  
  113  10:25  Stalker x2  
  123  10:33  Probe x3 (Chrono Boost)  
  123  10:34  Probe (Chrono Boost)  
  127  10:38  Adept x3  
  127  10:39  Adept x2  
  137  10:43  Probe x2 (Chrono Boost)  
  137  10:47  Probe (Chrono Boost)  
  140  10:52  Disruptor  
  140  10:56  Probe x3 (Chrono Boost), Disruptor  
  149  10:59  Probe (Chrono Boost), Stalker x4  
  149  11:00  Adept x2  
  149  11:01  Adept x3, Protoss Ground Armor Level 2  
  168  11:06  Probe (Chrono Boost)  
  168  11:07  Probe (Chrono Boost)  
  168  11:11  Assimilator  
  170  11:13  Assimilator  
  170  11:15  Pylon  
  170  11:18  High Templar, Pylon  
  170  11:24  Pylon  
  172  11:27  Pylon  
  172  11:32  Disruptor x2  
  178  11:40  Pylon  
  178  11:45  Pylon  
  178  11:50  Pylon  
  160  11:55  Pylon  
  160  12:04  Stalker x5  
  160  12:05  Stalker x5  
  160  12:08  Disruptor x2  
  185  12:39  Stalker x3  
  185  12:44  Disruptor x2  
  169  13:19  Disruptor  
  157  13:21  Probe x2 (Chrono Boost)  
  157  13:22  Probe (Chrono Boost)  
  157  13:23  Probe (Chrono Boost)  
  164  13:28  Photon Cannon, Disruptor  
  164  13:29  Photon Cannon  
  164  13:31  Probe x2 (Chrono Boost)  
  164  13:33  Probe (Chrono Boost), Pylon  
  171  13:34  Probe (Chrono Boost)  
  171  13:35  Photon Cannon  
  171  13:38  Photon Cannon  
  171  13:42  Probe x2 (Chrono Boost)  
  173  13:55  Disruptor  
  174  14:04  Disruptor  
  154  14:23  Protoss Ground Weapons Level 2  
  136  14:24  Probe (Chrono Boost)  
  136  14:25  Probe x2 (Chrono Boost)  
  136  14:26  Probe (Chrono Boost), Stalker x5  
  136  14:27  Stalker x4  
  136  14:31  Disruptor  
  156  14:35  Probe (Chrono Boost)  
  161  14:38  Probe (Chrono Boost)  
  161  14:40  Adept, Disruptor  
  158  15:16  Adept x4  
  158  15:17  Stalker x2  
  158  15:18  Stalker x4  
  162  15:47  Stalker  
  162  15:48  Stalker x2  
  151  16:05  Adept x5  
  151  16:06  Adept, Stalker  
  163  16:14  Stalker  
  163  16:15  Stalker x2  
  157  16:29  Stalker x4  
  157  16:30  Adept x2  
  157  16:31  Adept  
  171  16:46  Disruptor x2  
  157  17:07  Stalker  
  157  17:08  Stalker x2  
  163  17:22  Disruptor x2  
  165  17:30  Nexus  
  165  17:32  Pylon  
  165  17:34  Pylon  
  165  17:35  Stalker x2  
  165  17:36  Stalker x4  
  177  17:37  Pylon  
  177  17:42  Assimilator x2  
  177  17:47  Assimilator  
  175  18:03  Stalker x2  
  175  18:04  Stalker x3  
  175  18:05  Adept x4  
  183  18:06  Adept  
Tags
 
Add a new tag
Caveats
  • Supply blocks, unpowered buildings, or Contaminate may cause inaccurate times.
  • Supply counts are checked every 10 seconds.